NWL (28 & UNDER)
BISMARCK BARONS @ BALZAC RAMS
04/12/2023
 
TOP OF THE 1ST
Bismarck Barons batting - Pitching for Balzac Rams : RHP Li-cong Sima
Pitching: RHP Li-cong Sima
Batting: SHB Chris Griffith 0-0: Called Strike
0-1: Swinging Strike
0-2: SINGLE (Groundball, 3L)
Batting: RHB Ed Terry 0-0: Ball
1-0: Foul Ball, location: 2F
1-1: Grounds into double play, 5-4-3 (Groundball, 56)
Batting: RHB Dale Findley 0-0: Ball
1-0: Foul Ball, location: 2F
1-1: Foul Ball, location: 2F
1-2: Ball
2-2: Ball
3-2: Strikes out swinging
Top of the 1st over - 0 run(s), 1 hit(s), 0 error(s), 0 left on base; Bismarck 0 - Balzac 0
BOTTOM OF THE 1ST
Balzac Rams batting - Pitching for Bismarck Barons : RHP Dalton Ray
Pitching: RHP Dalton Ray
Batting: RHB Eduardo García 0-0: Called Strike
0-1: Fly out, F8 (Flyball, 8RXD)
Batting: LHB José Berroa 0-0: Called Strike
0-1: SINGLE (Groundball, 4MD)
Batting: LHB Frank Geddes 0-0: Fly out, F7 (Flyball, 78M)
Batting: SHB Chris Bennis 0-0: Called Strike
0-1: SINGLE (Groundball, 34D)
José Berroa to second
Runner from 2nd tries for 3rd, SAFE, throw made to third
Batting: LHB Juan Carlos Sánchez 0-0: Fly out, F7 (Popup, 6D)
Bottom of the 1st over - 0 run(s), 2 hit(s), 0 error(s), 2 left on base; Bismarck 0 - Balzac 0
TOP OF THE 2ND
Bismarck Barons batting - Pitching for Balzac Rams : RHP Li-cong Sima
Batting: RHB Jorge Espinosa 0-0: Called Strike
0-1: Foul Ball, location: 2F
0-2: Ball
1-2: Foul Ball, location: 2F
1-2: Ball
2-2: Ground out 4-3 (Groundball, 4M)
Batting: RHB Domingo Ávila 0-0: Swinging Strike
0-1: Foul Ball, location: 2F
0-2: Hit by Pitch
Batting: RHB Kiyomitsu Shinoda 0-0: Called Strike
0-1: Ball
1-1: Ball
2-1: Foul Ball, location: 2F
2-2: Foul Ball, location: 2F
2-2: Ball
3-2: Ground out 5-3 (Groundball, 56S)
Domingo Ávila to second
Batting: RHB Ramiro Casillas 0-0: Ball
1-0: Ball
2-0: Swinging Strike
2-1: Ground out 4-3 (Groundball, 4M)
Top of the 2nd over - 0 run(s), 0 hit(s), 0 error(s), 1 left on base; Bismarck 0 - Balzac 0
BOTTOM OF THE 2ND
Balzac Rams batting - Pitching for Bismarck Barons : RHP Dalton Ray
Batting: RHB Josh Richardson 0-0: Called Strike
0-1: Ball
1-1: Foul Ball, location: 2F
1-2: Ball
2-2: Foul Ball, location: 2F
2-2: SINGLE (Flyball, 9LS)
Batting: LHB Ryan Drake 0-0: Ball
1-0: Ball
2-0: Called Strike
2-1: Foul Ball, location: 2F
2-2: Foul Ball, location: 2F
2-2: Strikes out swinging
Batting: RHB Shawn Bane 0-0: Ball
1-0: Called Strike
1-1: Fly out, F4 (Popup, 4)
Batting: RHB Ramón Torres 0-0: Ball
1-0: Ball
2-0: Called Strike
2-1: Swinging Strike
2-2: Strikes out swinging
Bottom of the 2nd over - 0 run(s), 1 hit(s), 0 error(s), 1 left on base; Bismarck 0 - Balzac 0
TOP OF THE 3RD
Bismarck Barons batting - Pitching for Balzac Rams : RHP Li-cong Sima
Batting: SHB Dave Lee 0-0: SOLO HOME RUN (Flyball, 9LD), Distance : 433 ft
Batting: LHB Jorge Martínez 0-0: Called Strike
0-1: Ball
1-1: Ground out 1-3 (Groundball, 15S)
Batting: SHB Chris Griffith 0-0: Ground out 1-3 (Groundball, 15S)
Batting: RHB Ed Terry 0-0: Ball
1-0: Ground out 5-3 (Groundball, 5)
Top of the 3rd over - 1 run(s), 1 hit(s), 0 error(s), 0 left on base; Bismarck 1 - Balzac 0
BOTTOM OF THE 3RD
Balzac Rams batting - Pitching for Bismarck Barons : RHP Dalton Ray
Batting: RHB Eduardo García 0-0: Ground out U3 (Groundball, 3S)
Batting: LHB José Berroa 0-0: Ground out 4-3 (Groundball, 4)
Batting: LHB Frank Geddes 0-0: Ball
1-0: Ball
2-0: Called Strike
2-1: Ball
3-1: Base on Balls
Batting: SHB Chris Bennis 0-0: SINGLE (Groundball, 4MD)
Frank Geddes to second
Batting: LHB Juan Carlos Sánchez 0-0: Ball
1-0: Ball
2-0: Swinging Strike
2-1: Swinging Strike
2-2: Foul Ball, location: 2F
2-2: Ball
3-2: Ground out 4-3 (Groundball, 4)
Bottom of the 3rd over - 0 run(s), 1 hit(s), 0 error(s), 2 left on base; Bismarck 1 - Balzac 0
TOP OF THE 4TH
Bismarck Barons batting - Pitching for Balzac Rams : RHP Li-cong Sima
Batting: RHB Dale Findley 0-0: Ground out 1-3 (Groundball, 15)
Batting: RHB Jorge Espinosa 0-0: Ball
1-0: Ball
2-0: Ball
3-0: Called Strike
3-1: Ground out 4-3 (Groundball, 4)
Batting: RHB Domingo Ávila 0-0: Ball
1-0: Ball
2-0: Ball
3-0: Called Strike
3-1: SOLO HOME RUN (Flyball, 7D), Distance : 435 ft
Batting: RHB Kiyomitsu Shinoda 0-0: Ball
1-0: Ball
2-0: Ball
3-0: Base on Balls
Batting: RHB Ramiro Casillas 0-0: Ball
1-0: Ball
2-0: Ball
3-0: Called Strike
3-1: Base on Balls
Kiyomitsu Shinoda to second
Batting: SHB Dave Lee 0-0: Ball
1-0: Ball
2-0: Called Strike
2-1: Foul Ball, location: 2F
2-2: Strikes out swinging
Top of the 4th over - 1 run(s), 1 hit(s), 0 error(s), 2 left on base; Bismarck 2 - Balzac 0
BOTTOM OF THE 4TH
Balzac Rams batting - Pitching for Bismarck Barons : RHP Dalton Ray
Batting: RHB Josh Richardson 0-0: Called Strike
0-1: Ball
1-1: Ball
2-1: Ball
3-1: Called Strike
3-2: Ground out 5-3 (Groundball, 56)
Batting: LHB Ryan Drake 0-0: Called Strike
0-1: Ball
1-1: Ball
2-1: Ball
3-1: Called Strike
3-2: DOUBLE (Groundball, 3L)
Batting: RHB Shawn Bane 0-0: Ball
1-0: Ground out U3 (Groundball, 3)
Ryan Drake to third
Batting: RHB Ramón Torres 0-0: Fly out, F4 (Popup, 4)
Bottom of the 4th over - 0 run(s), 1 hit(s), 0 error(s), 1 left on base; Bismarck 2 - Balzac 0
TOP OF THE 5TH
Bismarck Barons batting - Pitching for Balzac Rams : RHP Li-cong Sima
Batting: LHB Jorge Martínez 0-0: Called Strike
0-1: Ball
1-1: Swinging Strike
1-2: DOUBLE (Groundball, 5L)
Batting: SHB Chris Griffith 0-0: Foul Ball, location: 2F
0-1: Ball
1-1: Ball
2-1: Swinging Strike
2-2: Ground out 6-3 (Groundball, 6)
Batting: RHB Ed Terry 0-0: Ball
1-0: Ground out 5-3 (Groundball, 56)
Batting: RHB Dale Findley 0-0: Ball
1-0: Called Strike
1-1: Foul Ball, location: 2F
1-2: Ball
2-2: Ball
3-2: Foul Ball, location: 2F
3-2: Ground out 5-3 (Groundball, 56)
Top of the 5th over - 0 run(s), 1 hit(s), 0 error(s), 1 left on base; Bismarck 2 - Balzac 0
BOTTOM OF THE 5TH
Balzac Rams batting - Pitching for Bismarck Barons : RHP Dalton Ray
Batting: RHB Eduardo García 0-0: Ball
1-0: Swinging Strike
1-1: Ball
2-1: Ground out 6-3 (Groundball, 6)
Batting: LHB José Berroa 0-0: Ball
1-0: Swinging Strike
1-1: Ground out 6-3 (Groundball, 6)
Batting: LHB Frank Geddes 0-0: Called Strike
0-1: Foul Ball, location: 2F
0-2: Foul Ball, location: 2F
0-2: SOLO HOME RUN (Flyball, 89XD), Distance : 419 ft
Batting: SHB Chris Bennis 0-0: Called Strike
0-1: SOLO HOME RUN (Flyball, 9D), Distance : 425 ft
Batting: LHB Juan Carlos Sánchez 0-0: Called Strike
0-1: Called Strike
0-2: Ball
1-2: Foul Ball, location: 2F
1-2: Fly out, F7 (Flyball, 78XD)
Bottom of the 5th over - 2 run(s), 2 hit(s), 0 error(s), 0 left on base; Bismarck 2 - Balzac 2
TOP OF THE 6TH
Bismarck Barons batting - Pitching for Balzac Rams : RHP Li-cong Sima
Pitching: RHP Savino Ammanati
Batting: RHB Jorge Espinosa 0-0: Ball
1-0: Ball
2-0: Foul Ball, location: 2F
2-1: Ball
3-1: Base on Balls
Batting: RHB Domingo Ávila 0-0: Ball
1-0: Hit by Pitch
Jorge Espinosa to second
Batting: RHB Kiyomitsu Shinoda 0-0: Ball
1-0: Foul Ball, location: 2F
1-1: Ball
2-1: Ball
3-1: Base on Balls
Jorge Espinosa to third
Domingo Ávila to second
Batting: RHB Ramiro Casillas 0-0: Called Strike
0-1: Fly out, F9 (Flyball, 9LM)
Runner from 3rd tags up, SCORES, throw made
Batting: SHB Dave Lee 0-0: Called Strike
0-1: Ball
1-1: Swinging Strike
1-2: Strikes out swinging
Batting: LHB Jorge Martínez 0-0: Fly out, F8 (Flyball, 8LD)
Top of the 6th over - 1 run(s), 0 hit(s), 0 error(s), 2 left on base; Bismarck 3 - Balzac 2
BOTTOM OF THE 6TH
Balzac Rams batting - Pitching for Bismarck Barons : RHP Dalton Ray
Batting: RHB Josh Richardson 0-0: Ball
1-0: Called Strike
1-1: Foul Ball, location: 2F
1-2: Ball
2-2: Foul Ball, location: 2F
2-2: Strikes out swinging, 2-3 out at first.
Pitching: RHP Tomás Olvera
Batting: LHB Ryan Drake 0-0: Called Strike
0-1: Ball
1-1: Foul Ball, location: 2F
1-2: Ball
2-2: Foul Ball, location: 2F
2-2: Fly out, F8 (Flyball, 8RM)
Batting: RHB Shawn Bane 0-0: Foul Ball, location: 2F
0-1: Swinging Strike
0-2: Strikes out swinging
Bottom of the 6th over - 0 run(s), 0 hit(s), 0 error(s), 0 left on base; Bismarck 3 - Balzac 2
TOP OF THE 7TH
Bismarck Barons batting - Pitching for Balzac Rams : RHP Savino Ammanati
Batting: SHB Chris Griffith 0-0: Ball
1-0: Called Strike
1-1: Ball
2-1: Swinging Strike
2-2: Ball
3-2: Foul Ball, location: 2F
3-2: Strikes out looking
Batting: RHB Ed Terry 0-0: Called Strike
0-1: Ball
1-1: Ground out 4-3 (Groundball, 4)
Batting: RHB Dale Findley 0-0: Ball
1-0: Called Strike
1-1: Fly out, F8 (Flyball, 89S)
Top of the 7th over - 0 run(s), 0 hit(s), 0 error(s), 0 left on base; Bismarck 3 - Balzac 2
BOTTOM OF THE 7TH
Balzac Rams batting - Pitching for Bismarck Barons : RHP Tomás Olvera
Batting: RHB Ramón Torres 0-0: Ball
1-0: Swinging Strike
1-1: Foul Ball, location: 2F
1-2: Foul Ball, location: 2F
1-2: Foul Ball, location: 2F
1-2: Foul Ball, location: 2F
1-2: Ball
2-2: Strikes out swinging
Batting: RHB Eduardo García 0-0: Fly out, F3 (Popup, 3S)
Batting: LHB José Berroa 0-0: Ground out 4-3 (Groundball, 4M)
Bottom of the 7th over - 0 run(s), 0 hit(s), 0 error(s), 0 left on base; Bismarck 3 - Balzac 2
TOP OF THE 8TH
Bismarck Barons batting - Pitching for Balzac Rams : RHP Savino Ammanati
Pitching: RHP Carlos Bamber
Batting: RHB Jorge Espinosa 0-0: Foul Ball, location: 2F
0-1: Ball
1-1: Ball
2-1: Swinging Strike
2-2: Fly out, F9 (Flyball, 9D)
Batting: RHB Domingo Ávila 0-0: Called Strike
0-1: Ball
1-1: Ball
2-1: Foul Ball, location: 2F
2-2: Ball
3-2: Ground out 4-3 (Groundball, 34)
Batting: RHB Kiyomitsu Shinoda 0-0: Ball
1-0: Foul Ball, location: 2F
1-1: Swinging Strike
1-2: Ball
2-2: Strikes out swinging
Top of the 8th over - 0 run(s), 0 hit(s), 0 error(s), 0 left on base; Bismarck 3 - Balzac 2
BOTTOM OF THE 8TH
Balzac Rams batting - Pitching for Bismarck Barons : RHP Tomás Olvera
Pitching: RHP Pedro Lara
Batting: LHB Frank Geddes 0-0: Called Strike
0-1: Hit by Pitch
Batting: SHB Chris Bennis 0-0: Called Strike
0-1: Ball
1-1: Fly out, F6 (Line Drive, 6)
Batting: LHB Juan Carlos Sánchez 0-0: Ball
1-0: Foul Ball, location: 2F
1-1: Foul Ball, location: 2F
1-2: Ball
2-2: Foul Ball, location: 2F
2-2: Ball
3-2: Base on Balls
Frank Geddes to second
Pitching: RHP Artie Byrne
Batting: RHB Josh Richardson 0-0: DOUBLE (Line Drive, 7D)
Frank Geddes scores
Juan Carlos Sánchez to third
Runner from 3rd tries for Home, SAFE, throw made at trailing runner, OUT at third!
Batting: LHB Ryan Drake 0-0: Ground out 1-3 (Groundball, 13S)
Bottom of the 8th over - 2 run(s), 1 hit(s), 0 error(s), 0 left on base; Bismarck 3 - Balzac 4
TOP OF THE 9TH
Bismarck Barons batting - Pitching for Balzac Rams : RHP Carlos Bamber
Pitching: RHP Ron Henningar
Now in LF: William Wolf
Now in RF: Tomás Trinidad
Pinch Hitting: RHB Ron James 0-0: Called Strike
0-1: Ball
1-1: Foul Ball, location: 2F
1-2: Foul Ball, location: 2F
1-2: Ball
2-2: Foul Ball, location: 2F
2-2: Foul Ball, location: 2F
2-2: Fly out, F9 (Popup, 9S)
Batting: SHB Dave Lee 0-0: Swinging Strike
0-1: Ball
1-1: Called Strike
1-2: Foul Ball, location: 2F
1-2: Strikes out swinging
Batting: LHB Jorge Martínez 0-0: Fly out, F9 (Flyball, 9M)
Top of the 9th over - 0 run(s), 0 hit(s), 0 error(s), 0 left on base; Bismarck 3 - Balzac 4
This league is powered by Out of the Park Baseball, the baseball management simulation game for PC, Mac and Linux
Wednesday, December 2nd, 2015 - OOTP Baseball 16.8 Build 38